 Dungeon Crawl Stone Soup version 0.19-a0-1320-g0178847 (webtiles) character file.

7151 Amnesiac the Grappler (level 10, -7/147 HPs)
             Began as a Troll Berserker on Aug 31, 2016.
             Was a Priest of Trog.
             Mangled by a yak (13 damage)
             ... on level 3 of the Lair of Beasts.
             The game lasted 00:08:46 (2791 turns).

Amnesiac the Grappler (Troll Berserker)             Turns: 2791, Time: 00:08:47

Health: -7/147     AC:  5    Str: 32    XL:     10   Next: 86%
Magic:  9/9        EV: 12    Int:  1    God:    Trog [***...]
Gold:   227        SH:  5    Dex: 12    Spells: 0 memorised, 9 levels left

rFire  . . .     SeeInvis .       - Unarmed
rCold  . . .     Gourm    +     a - +0 animal skin
rNeg   . . .     Faith    .     (no shield)
rPois  +         Spirit   .     (helmet restricted)
rElec  .         Dismiss  .     (no cloak)
rCorr  .         Reflect  +     (gloves unavailable)
MR     .....     Harm     .     (boots unavailable)
Stlth  ..........               u - +5 amulet of reflection
                                (no ring)
                                l - ring of poison resistance

@: berserking, marked, very quick
A: unfitting armour, claws 3, dopey 1, fast metabolism 3, gourmand, poison
resistance, regeneration 1, shaggy fur 1, tough skin 2, wild magic 1
a: Berserk, Trog's Hand, Burn Spellbooks, Renounce Religion


You were on level 3 of the Lair of Beasts.
You worshipped Trog.
Trog was most pleased with you.
You were not hungry.

You visited 2 branches of the dungeon, and saw 11 of its levels.
You also visited: Sewer.

You collected 227 gold pieces.

Inventory:

Missiles
 i - 4 curare-tipped needles
Armour
 a - a +0 animal skin (worn)
Jewellery
 l - a ring of poison resistance (left claw)
 u - a +5 amulet of reflection (around neck)
Wands
 r - a wand of heal wounds (5/9)
Scrolls
 c - 2 scrolls of immolation
 e - a scroll of identify
 g - a scroll of enchant armour {unknown}
 m - 2 scrolls of remove curse
Potions
 d - a potion of magic {unknown}
 h - a potion of degeneration {unknown}
 j - 3 potions of agility {unknown}
 p - a potion of heal wounds {unknown}
 t - a potion of might {unknown}
 v - a potion of brilliance {unknown}
Comestibles
 b - 4 bread rations
 f - 5 meat rations
 n - a beef jerky
 s - 3 fruits


   Skills:
 - Level 6.0 Fighting
 - Level 6.0 Dodging
 + Level 13.7 Unarmed Combat


You had 9 spell levels left.
You didn't know any spells.

Dungeon Overview and Level Annotations

Branches:
Dungeon (8/15)               Lair (3/6) D:8          Shoals (0/4) Lair:2
 Temple: D:4-7        Snake: Lair:2-4    Spider: Lair:2-4

Altars:
Dithmenos

Annotations:
Lair:3 exclusion: hydra


Innate Abilities, Weirdness & Mutations

You are too large for most types of armour.
You have claws for hands.
Your metabolism is lightning-fast.
You like to eat raw meat.
Your natural rate of healing is unusually fast.
You are covered in fur. (AC +1)
You have very tough skin. (AC +2)
You are dopey. (Int -2)
Your system is resistant to poisons. (rPois)
Your spells are a little harder to cast, but a little more powerful.


Message History

The river rat twitches its whiskers.
The yak barely misses you.
A river rat comes into view.
You barely miss the porcupine.
The porcupine is severely wounded.
The porcupine closely misses you.
A river rat comes into view.
You scratch the porcupine.
The porcupine is almost dead.
The yak gores you but does no damage.
You closely miss the porcupine.
The porcupine is almost dead.
The porcupine bites you.
* * * LOW HITPOINT WARNING * * *
A river rat comes into view.
You mangle the porcupine!!
You kill the porcupine!
Trog accepts your kill. The yak gores you!
You die...

#....................#
..... . ...# .. #†.# r..
##.### .rr.
#######....####
#P..##..#.#......#.# ..
####..r..#...##.....# .
.r....†@Y..P##.....P## Y
........Y..###..Y....#
.........P##.........###
........#####.........#.
........###.P...........
........P#............#.
.......P##.P...........†
......######............
#.............


You could see 2 yaks and 5 river rats.

Vanquished Creatures
  A black mamba (Lair:2)
  A centaur zombie (D:7)
  7 spiny frogs
  2 komodo dragons
  3 merfolk (Lair:2)
  7 yaks
  2 hippogriffs (Lair:2)
  2 hell hounds (D:8)
  3 water moccasins
  A porcupine (Lair:3)
  2 ice beasts
  A phantom (D:8)
  2 sky beasts
  An ogre (D:8)
  A crocodile (Sewer)
  2 giant frogs (Lair:2)
  A scorpion (D:4)
  An electric eel (Lair:2)
  A crimson imp (D:8)
  A quasit (D:8)
  A giant frog zombie (D:5)
  A jelly (D:5)
  An orc priest (D:6)
  A hound (D:6)
  3 orc wizards
  3 iguanas
  A worker ant (D:8)
  A hound skeleton (D:5)
  3 worker ant zombies
  2 adders
  21 river rats
  An ooze (D:6)
  3 worms (D:5)
  A giant gecko (D:4)
  4 orcs
  A bat (D:1)
  4 giant cockroaches
  2 goblins
  A hobgoblin (D:3)
  2 jackals (Sewer)
  4 kobolds
  6 rats
109 creatures vanquished.

Notes
Turn   | Place    | Note
-------+----------+-------------------------------------------
     0 | D:1      | Amnesiac the Troll Berserker began the quest for the Orb.
     0 | D:1      | Reached XP level 1. HP: 22/22 MP: 0/0
    71 | D:2      | Reached XP level 2. HP: 13/29 MP: 1/1
   181 | D:3      | You fall through a shaft!
   272 | D:4      | Noticed a scorpion
   281 | D:4      | Killed a scorpion
   281 | D:4      | Reached skill level 4 in Unarmed Combat
   281 | D:4      | Reached XP level 3. HP: 37/37 MP: 2/2
   281 | D:4      | Reached XP level 4. HP: 45/45 MP: 3/3
   309 | D:5      | Entered Level 5 of the Dungeon
   309 | D:5      | Noticed an ice beast
   331 | D:5      | Killed an ice beast
   331 | D:5      | Reached XP level 5. HP: 34/53 MP: 4/4
   390 | D:5      | Noticed a sky beast
   400 | D:5      | Killed a sky beast
   400 | D:5      | Reached skill level 5 in Unarmed Combat
   400 | D:5      | Reached XP level 6. HP: 61/61 MP: 5/5
   410 | D:5      | Gained mutation: Your spells are a little harder to cast, but a little more powerful. [mutagenic meat]
   413 | D:5      | Gained mutation: Your system is resistant to poisons. (rPois) [mutagenic meat]
   416 | D:5      | Gained mutation: You are dopey. (Int -2) [mutagenic meat]
   489 | D:5      | Found a glowing drain.
   507 | D:5      | Reached ** piety under Trog
   627 | Sewer    | Entered a sewer
   800 | D:6      | Noticed a water moccasin
   802 | D:6      | Noticed a sky beast
   837 | D:6      | Killed a water moccasin
   837 | D:6      | Reached skill level 6 in Unarmed Combat
   837 | D:6      | Reached XP level 7. HP: 43/70 MP: 6/6
  1013 | D:7      | Reached skill level 7 in Unarmed Combat
  1013 | D:7      | Reached XP level 8. HP: 75/79 MP: 7/7
  1186 | D:8      | Reached skill level 5 in Fighting
  1202 | D:8      | Reached skill level 5 in Dodging
  1209 | D:8      | Reached skill level 8 in Unarmed Combat
  1214 | D:8      | Found a shadowy altar of Dithmenos.
  1222 | D:8      | Found a staircase to the Lair.
  1447 | Lair:1   | Entered Level 1 of the Lair of Beasts
  1448 | Lair:1   | Noticed a komodo dragon
  1473 | Lair:1   | Killed a komodo dragon
  1473 | Lair:1   | Reached XP level 9. HP: 88/88 MP: 8/8
  1526 | Lair:1   | Noticed a spiny frog
  1557 | Lair:1   | Reached skill level 9 in Unarmed Combat
  1641 | Lair:1   | Killed a spiny frog
  1715 | Lair:1   | Noticed a seven-headed hydra
  1788 | Lair:2   | Noticed a spiny frog
  1790 | Lair:2   | Noticed a komodo dragon
  1816 | Lair:2   | Killed a spiny frog
  1816 | Lair:2   | Reached skill level 10 in Unarmed Combat
  1944 | Lair:2   | Killed a komodo dragon
  1944 | Lair:2   | Reached *** piety under Trog
  1948 | Lair:2   | Reached skill level 11 in Unarmed Combat
  2032 | Lair:2   | Noticed a merfolk
  2041 | Lair:2   | Killed a merfolk
  2124 | Lair:2   | Reached XP level 10. HP: 98/98 MP: 9/9
  2170 | Lair:2   | Noticed a spiny frog
  2179 | Lair:2   | Killed a spiny frog
  2222 | Lair:2   | Noticed a black mamba
  2227 | Lair:2   | Killed a black mamba
  2227 | Lair:2   | Reached skill level 12 in Unarmed Combat
  2284 | Lair:2   | Found a staircase to the Shoals.
  2349 | Lair:2   | Noticed a spiny frog
  2372 | Lair:2   | Killed a spiny frog
  2590 | Lair:2   | Reached skill level 13 in Unarmed Combat
  2607 | Lair:2   | Noticed a spiny frog
  2607 | Lair:2   | Noticed a spiny frog
  2614 | Lair:2   | Killed a spiny frog
  2617 | Lair:2   | Killed a spiny frog
  2710 | Lair:3   | Noticed a spiny frog
  2715 | Lair:3   | Killed a spiny frog
  2743 | Lair:3   | Noticed a four-headed hydra
  2769 | Lair:3   | HP: 3/98 [yak (12)]
  2785 | Lair:3   | HP: 4/98 [porcupine (10)]
  2790 | Lair:3   | HP: 6/147 [porcupine (2)]
  2791 | Lair:3   | Mangled by a yak

Vault maps used:
D:1:      dpeg_arrival_rhombus, grunt_decor_arrowhead
D:3:      kennysheep_jessica_study
D:4:      nemelex_spade_bored_becter
D:5:      first_bread, portal_sewer_entry_a, serial_shops,
          nicolae_shop_statue_plus, nrook_uturn
D:6:      kennysheep_nub
D:7:      uniq_crazy_yiuf_cottage
D:8:      minmay_lair_entry_lava, grunt_dithmenos_smoke
Lair:1:   grunt_megastairs_5
Lair:2:   elwin_shoals_entry_rooms, serial_bayou_shore_b
Sewer:    sewer_the_crocodile

Skill      XL: |  1  2  3  4  5  6  7  8  9 10 |
---------------+-------------------------------+-----
Fighting       | 3 4 5 6 |  6.0
Unarmed Combat | 4 5 6 7 8 11 13 | 13.7
Dodging        | 3 4 5 6 |  6.0

Action                   |  1- 3 |  4- 6 |  7- 9 | 10-12 || total
-------------------------+-------+-------+-------+-------++-------
Melee: Unarmed           |    46 |    86 |   138 |   112 ||   382
       Punch             |     1 |     5 |    10 |     9 ||    25
Invok: Berserk           |     2 |     3 |     6 |     3 ||    14
  Use: Scroll            |       |       |     8 |       ||     8
 Stab: Sleeping          |       |     2 |     1 |       ||     3
  Eat: Chunk             |     8 |     8 |    23 |     4 ||    43
Armor: Animal skin       |    16 |    37 |    22 |     9 ||    84
Dodge: Dodged            |    29 |    55 |    55 |    44 ||   183
Block: Other             |       |       |    10 |    20 ||    30
